 Dungeon Crawl Stone Soup version 0.25-a0-597-gb30770a0c0 (webtiles) character file.

Game seed: 16616946019674899471, levelgen mode: deterministic

848 Drevant2 the Slasher (level 7, -2/55 HPs)
             Began as a Grey Draconian Skald on Mar 15, 2020.
             Slain by an orc warrior
             ... wielding a +0 flail
              (14 damage)
             ... on level 6 of the Dungeon.
             The game lasted 00:28:04 (7713 turns).

Drevant2 the Slasher (Grey Draconian Skald)         Turns: 7713, Time: 00:28:05

Health: -2/55      AC: 13    Str: 14      XL:     7   Next: 69%
Magic:  6/10       EV: 12    Int: 13 (15) God:
Gold:   518        SH:  0    Dex: 10      Spells: 6/10 levels left

rFire    . . .     SeeInvis .   a - +0 falchion
rCold    . . .     Gourm    .   (no shield)
rNeg     . . .     Faith    .   (armour unavailable)
rPois    .         Spirit   .   (helmet restricted)
rElec    .         Reflect  .   (no cloak)
rCorr    .         Harm     .   d - +0 pair of gloves
MR       .....                  h - +0 pair of boots
Stlth    +.........             (no amulet)
HPRegen  0.18/turn              (no ring)
MPRegen  0.12/turn              (no ring)

@: mighty, very slightly contaminated, lightly drained
A: walk through water, unfitting armour, talons 1, unbreathing, cold-blooded,
subdued magic 1, AC +11
a: no special abilities


You were on level 6 of the Dungeon.
You were not hungry.

You visited 1 branch of the dungeon, and saw 6 of its levels.
You also visited: Ossuary.

You collected 518 gold pieces.

Inventory:

Hand Weapons
 a - a +0 falchion (weapon)
 f - a +2 mace of protection
 n - a +0 long sword
 p - a +0 rapier
Armour
 d - a +0 pair of gloves (worn)
 h - a +0 pair of boots (worn)
 i - a +0 scale mail
Magical Staves
 j - an uncursed staff of wizardry
Scrolls
 b - 6 scrolls of identify {unknown}
 e - 4 scrolls of remove curse {unknown}
 g - a scroll of fear {unknown}
 k - a scroll of blinking {unknown}
 m - 2 scrolls of teleportation
 q - a scroll of random uselessness {unknown}
 s - a scroll of vulnerability {unknown}
Potions
 o - a potion of lignification {unknown}
Comestibles
 c - 12 rations


   Skills:
 - Level 2.2(1.9) Fighting
 * Level 6.3(6.1) Long Blades
 + Level 3.3(3.0) Dodging
 - Level 1.0(0.8) Stealth
 - Level 2.0(1.8) Spellcasting
 - Level 4.1(3.9) Charms
 * Level 3.7(3.5) Ice Magic


You had 6 spell levels left.
You knew the following spells:

 Your Spells              Type           Power        Failure   Level  Hunger
a - Infusion              Chrm           #...         4%          1    ##.....
b - Ozocubu's Armour      Chrm/Ice       #.......     14%         3    ####...

Your spell library contained the following spells:

 Spells                   Type           Power        Failure   Level  Hunger
 Song of Slaying          Chrm           #.......     6%          2    ###....
 Shroud of Golubria       Chrm/Tloc      #.....       16%         2    ###....
 Spectral Weapon          Hex/Chrm       #.......     30%         3    ####...


Dungeon Overview and Level Annotations

Branches:
Dungeon (6/15)             Temple (0/1) D:4         Ossuary (visited)

Altars:
Ashenzari
Cheibriados
Dithmenos
Elyvilon
Fedhas
Hepliaklqana
Zin

Annotations:
D:3 Sigmund
D:4 Edmund, Eustachio
D:5 1 runed translucent door


Innate Abilities, Weirdness & Mutations

You can walk through water.
Your dull iron-grey scales are very hard. (AC +11)
You cannot fit into any form of body armour.
You can survive without breathing.
You are cold-blooded and may be slowed by cold attacks.
You have sharp toenails.
Your spells are a little easier to cast, but a little less powerful.


Message History

The orc warrior hits you with a +0 flail!
* * * LOW HITPOINT WARNING * * *
You can't go up here!
That item cannot be evoked!
Casting: Ozocubu's Armour (safe; 17% risk of failure)
Confirm with . or Enter, or press ? or * to list all spells.
You miscast Ozocubu's Armour.
You are very lightly contaminated with residual magic.
Strange energies run through your body.
Casting: Ozocubu's Armour (safe; 17% risk of failure)
Confirm with . or Enter, or press ? or * to list all spells.
Okay, then.
It was a potion of mutation.
You feel extremely strange.
Your connection to magic feels subdued.
Your toenails lengthen and sharpen.
The orc warrior closely misses you.
Okay, then.
It was a potion of might.
You feel very mighty all of a sudden.
The orc warrior hits you with a +0 flail!
You die...

#.<## .. #..# #.!
#..## #.# #...##
#o# ##...## ###.#
###[)## #..#
##..#####..#
##..o.....###
##..@.......###
##.[......##...##
#...[.....####..#
##.........# #..#
#..........# #..#
#..........####..#
#...............##
##..............##
##.#......########


You could see an orc warrior.

Vanquished Creatures
  An ice beast (D:5)
  An elf zombie (Ossuary)
  A scorpion (D:4)
  4 wights (D:6)
  A centaur zombie (D:5)
  3 hounds (D:4)
  2 iguanas
  Ijyb (D:4)
  Natasha (twice) (D:3)
  2 big kobold zombies (Ossuary)
  2 mummies (Ossuary)
  Robin (D:3)
  A gnoll (D:6)
  6 adders
  A dart slug (D:2)
  A worm (D:2)
  4 leopard geckos
  5 orcs
  9 bats
  4 giant cockroaches
  3 gnoll zombies (Ossuary)
  15 goblins
  7 hobgoblins
  2 jackals (D:3)
  3 kobolds
  A quokka (D:3)
  6 frilled lizards
  A giant cockroach zombie (D:6)
  4 goblin zombies (Ossuary)
  2 hobgoblin zombies (Ossuary)
  2 orc zombies (Ossuary)
  7 rats
105 creatures vanquished.

Notes
Turn   | Place    | Note
-------+----------+-------------------------------------------
     0 | D:1      | Drevant2 the Draconian Skald began the quest for the Orb.
     0 | D:1      | Reached XP level 1. HP: 17/17 MP: 3/3
   396 | D:1      | Reached XP level 2. HP: 24/24 MP: 5/5
   803 | D:1      | You fall into a shaft and drop 1 floor!
   816 | D:2      | Found a glowing silver altar of Zin.
   975 | D:2      | Reached XP level 3. HP: 29/29 MP: 6/6
   980 | D:2      | Learned a level 3 spell: Ozocubu's Armour
  1570 | D:2      | Reached skill level 3 in Long Blades
  1961 | D:3      | Found a faded altar of an unknown god.
  1996 | D:3      | Reached XP level 4. HP: 28/36 MP: 7/7
  2994 | D:3      | Noticed Robin
  3052 | D:3      | Noticed Sigmund
  3165 | D:3      | Found a blossoming altar of Fedhas.
  3166 | D:3      | Found a snail-covered altar of Cheibriados.
  3170 | D:3      | Found a hazy altar of Hepliaklqana.
  3171 | D:3      | Found a shattered altar of Ashenzari.
  3176 | D:3      | Found a shadowy altar of Dithmenos.
  3321 | D:3      | Noticed Natasha
  3338 | D:3      | Killed Natasha
  3338 | D:3      | Reached skill level 4 in Long Blades
  3338 | D:3      | Reached XP level 5. HP: 31/41 MP: 4/8
  3570 | D:3      | Killed Robin
  4157 | D:3      | Noticed Natasha
  4173 | D:3      | Killed Natasha
  4594 | D:4      | Noticed Eustachio
  4681 | D:4      | Reached skill level 1 in Stealth
  4736 | D:4      | Reached skill level 5 in Long Blades
  4736 | D:4      | Reached XP level 6. HP: 46/48 MP: 4/9
  4918 | D:4      | Noticed Ijyb
  4935 | D:4      | Killed Ijyb
  5430 | D:4      | Reached skill level 1 in Ice Magic
  5469 | D:4      | Found a staircase to the Ecumenical Temple.
  5478 | D:4      | Noticed Edmund
  5497 | D:5      | Entered Level 5 of the Dungeon
  5576 | D:5      | Found a white marble altar of Elyvilon.
  5576 | D:5      | Found a runed translucent door.
  5576 | D:5      | Noticed an angel
  5684 | D:5      | Noticed an ice beast
  5697 | D:5      | Killed an ice beast
  5875 | D:5      | Found a sand-covered staircase.
  5891 | Ossuary  | Entered an ossuary
  6184 | Ossuary  | Your scales start taking on a dull iron-grey colour.
  6184 | Ossuary  | Reached XP level 7. HP: 53/55 MP: 0/10
  6184 | Ossuary  | Gained mutation: You can survive without breathing. [Grey
                  | Draconian growth]
  7032 | D:4      | Reached skill level 6 in Long Blades
  7712 | D:6      | Gained mutation: Your spells are a little easier to cast,
                  | but a little less powerful. [potion of mutation]
  7712 | D:6      | Gained mutation: You have sharp toenails. [potion of
                  | mutation]
  7713 | D:6      | Slain by an orc warrior

Levels and vault maps discovered:
D:1:      lemuel_arrival_tunnels, layout_loops_ring, corexii_hall_statues_s
D:2:      layout_basic, lemuel_tele_altar
D:3:      layout_basic, minitemple, chequers_ecumenical_altar_simple_redux,
          first_ration, uniq_sigmund, uniq_natasha, uniq_robin
D:4:      layout_loops_ring, temple_pool_b, ebering_ghost_sewer_d, uniq_edmund,
          uniq_eustachio, uniq_ijyb
D:5:      layout_basic, enter_ossuary_2, lemuel_angel_altar
D:6:      kennysheep_housing_project, layout_layer_cave,
          nicolae_ru_sacrificial_ziggurat

Skill      XL: |  1  2  3  4  5  6  7 |
---------------+----------------------+-----
Charms         | 3 4 |  4.1
Long Blades    | 3 4 5 6 |  6.3
Stealth        | 1 |  1.0
Ice Magic      | 2 3 |  3.7
Dodging        | 3 |  3.3
Fighting       | |  2.2
Spellcasting   | |  2.0

Action                   |  1- 3 |  4- 6 |  7- 9 || total
-------------------------+-------+-------+-------++-------
Melee: Falchion          |   136 |   240 |   110 ||   486
       Tailslap          |    13 |    21 |    17 ||    51
 Cast: Infusion          |     6 |    15 |     8 ||    29
       Ozocubu's Armour  |       |       |     2 ||     2
  Use: Scroll            |     1 |     1 |       ||     2
       Potion            |     3 |     4 |     2 ||     9
 Stab: Sleeping          |       |     1 |       ||     1
  Eat: Chunk             |     4 |     2 |       ||     6
       Ration            |       |     4 |     1 ||     5
Armor: Skin              |    60 |    81 |    30 ||   171
Dodge: Dodged            |   101 |   140 |    44 ||   285
       Rpst.: Falchion   |    29 |    42 |    13 ||    84

Table legend:
 A = Non-vault XP
 B = Vault XP
 C = Vault XP percentage of total XP
 D = Non-vault monster count
 E = Vault monster count
 F = Vault count percentage of total count
                 A         B        C        D         E       F
            +---------+---------+-------+---------+---------+-------
      Total |     904 |     308 |  25.4 |      79 |      26 |  24.8
            +---------+---------+-------+---------+---------+-------
        D:1 |      31 |       0 |   0.0 |      18 |       0 |   0.0
        D:2 |      61 |       0 |   0.0 |      21 |       0 |   0.0
        D:3 |     114 |      63 |  35.6 |      21 |       8 |  27.6
        D:4 |     241 |      38 |  13.6 |       7 |       1 |  12.5
        D:5 |     219 |       0 |   0.0 |       5 |       0 |   0.0
        D:6 |     238 |      15 |   5.9 |       7 |       1 |  12.5
    Ossuary |       0 |     192 | 100.0 |       0 |      16 | 100.0
            +---------+---------+-------+---------+---------+-------
